[Event "*** Biggest EVER Titled Tuesday"]
[Site "Chess.com"]
[Date "2018.04.17"]
[Round "3"]
[White "Mikhail_Golubev"]
[Black "Blackmind96"]
[Result "1-0"]
[WhiteElo "2431"]
[BlackElo "2570"]
[TimeControl "180+2"]
[EndTime "13:32:23 PDT"]
[Termination "Mikhail_Golubev won by resignation"]

1. e4 e6 2. d4 d5 3. Nc3 Nf6 4. Bg5 Be7 5. exd5 exd5 6. Bd3 O-O 7. Nge2 Bg4 8. f3 Bh5 9. Qd2 c6 10. O-O-O Nbd7 11. g4 Bg6 12. h4 b5 13. Nf4 Nb6 14.
Nxg6 hxg6 15. h5 gxh5 16. Bxf6 Bxf6 17. Rxh5 g6 18. Qh6 Re8 19. Bxg6 fxg6 20. Qxg6+ Bg7 21. Qh7+ Kf7 22. Rf5+ Ke6 23. Qxg7 1-0

[Event "*** Biggest EVER Titled Tuesday"]
[Site "Chess.com"]
[Date "2018.04.17"]
[Round "3"]
[White "wadsy27"]
[Black "nochewycandy"]
[Result "0-1"]
[WhiteElo "2131"]
[BlackElo "2084"]
[TimeControl "180+2"]
[EndTime "13:32:27 PDT"]
[Termination "nochewycandy won by resignation"]

1. g3 g6 2. Bg2 Bg7 3. d4 Nf6 4. e4 O-O 5. Ne2 d6 6. Nbc3 e5 7. h3 exd4 8. Nxd4 Nbd7 9. O-O c6 10. a4 a5 11. Be3 Re8 12. Re1 Nc5 13. Bg5 h6 14. Bf4 Nh5 15. Bc1 Qf6 16. Nde2 Qe7 17.
Be3 Be6 18. g4 Nf6 19. Bxc5 dxc5 20. e5 Nd7 21. f4 g5 22. f5 Bc4 23. f6 Nxf6 24. exf6 Qe3+ 25. Kh1 Bxf6 26. Ng1 Qg3 27. Rxe8+ Rxe8 28. Qf3 Qe5 29. Rd1 Bd8 30. b3 Bc7 0-1

[Event "*** Biggest EVER Titled Tuesday"]
[Site "Chess.com"]
[Date "2018.04.17"]
[Round "3"]
[White "ajkom197"]
[Black "maciek_92"]
[Result "0-1"]
[WhiteElo "2387"]
[BlackElo "2576"]
[TimeControl "180+2"]
[EndTime "13:32:38 PDT"]
[Termination "maciek_92 won by checkmate"]

1. d4 Nf6 2. Nf3 d5 3. e3 c5 4. c4 cxd4 5. exd4 Nc6 6. Nc3 e6 7.
c5 Be7 8. Be2 O-O 9. O-O b6 10.
cxb6 axb6 11. a3 Ne4 12. Nxe4 dxe4 13. Ne5 Nxd4 14. Be3 Nxe2+ 15. Qxe2 Ba6 16. Qg4 Qd5 17. Qg5 Bxg5 18. h4 Bxe3 19. fxe3 Bxf1 20. Rxf1 Qxe5 21. Rf4 Qxf4 22. exf4 Rfc8 23. Kf2 Rc2+ 24. Ke3 f5 25. g4 Rd8 26. gxf5 exf5 27. h5 Rd3# 0-1

[Event "*** Biggest EVER Titled Tuesday"]
[Site "Chess.com"]
[Date "2018.04.17"]
[Round "3"]
[White "Indianlad"]
[Black "NIGWAPO"]
[Result "1-0"]
[WhiteElo "2702"]
[BlackElo "2506"]
[TimeControl "180+2"]
[EndTime "13:32:42 PDT"]
[Termination "Indianlad won by resignation"]

1. e4 g5 2. d4 d5 3. exd5 Qxd5 4.
Nc3 Qe6+ 5. Be2 h6 6. d5 Qd6 7. h4 gxh4 8. Rxh4 Nf6 9. Bf4 Qd8 10.
Nf3 Bf5 11. Nd4 Bg6 12. Bd3 Bxd3 13. Qxd3 c6 14. O-O-O Nxd5 15. Be5 Rg8 16. Ndb5 Na6 17. Qh7 Rg5 18. Re4 e6 19. Rf4 Qd7 20. Ne4 cxb5 21. Rxd5 Rxe5 22. Nf6+ 1-0

[Event "*** Biggest EVER Titled Tuesday"]
[Site "Chess.com"]
[Date "2018.04.17"]
[Round "3"]
[White "Caterpiller35"]
[Black "Mimsychess"]
[Result "0-1"]
[WhiteElo "2236"]
[BlackElo "2294"]
[TimeControl "180+2"]
[EndTime "13:32:43 PDT"]
[Termination "Mimsychess won by resignation"]

1. d4 Nf6 2. Bf4 g6 3. Nc3 d5 4. e3 c6 5. h4 Qb6 6. Rb1 h5 7. Nf3 Bg4 8. Be2 Bxf3 9. Bxf3 Bg7 10. O-O O-O 11. b4 Nfd7 12. Bxd5 cxd5 13. Nxd5 Qd8 14.
Nc7 e5 15. dxe5 Qxc7 16. e6 Ne5 17. Qd5 fxe6 18. Qxe6+ Qf7 19. Qh3 Nbd7 20. Rfd1 Rac8 21. Rd2 Qf5 22. Qg3 Qg4 23. Qxg4 hxg4 24. Rbd1 Nb6 25. Rd6 Rxc2 26. Bxe5 Bxe5 27. Rxg6+ Kh7 28. Rxg4 Rfxf2 29. a4 Nc4 30. Rd7+ Kh6 31. Rxb7 Nxe3 0-1

[Event "*** Biggest EVER Titled Tuesday"]
[Site "Chess.com"]
[Date "2018.04.17"]
[Round "3"]
[White "gmtalentoso"]
[Black "peteseeger"]
[Result "1-0"]
[WhiteElo "2167"]
[BlackElo "2074"]
[TimeControl "180+2"]
[EndTime "13:32:48 PDT"]
[Termination "gmtalentoso won by resignation"]

1. e4 g6 2. d4 Bg7 3. Nc3 c6 4. f4 d5 5. e5 Nh6 6. Nf3 Bg4 7. Be2 f6 8. Be3 O-O 9. Qd2 e6 10. O-O-O Bxf3 11. Bxf3 fxe5 12. fxe5 Nf5 13. Bg5 Qxg5 14. Qxg5 Bh6 15. Qxh6 Nxh6 16. h4 Nf5 17. h5 c5 18. hxg6 hxg6 19. Nxd5 exd5 20. Bxd5+ Kg7 21.
Bxb7 Nd7 22. Bxa8 Rxa8 23. e6 Nf6 24. dxc5 Rc8 25. b4 Re8 26. Rhe1 Ng4 27. Rd7+ Re7 28.
c6 Kf6 29. c7 1-0

[Event "*** Biggest EVER Titled Tuesday"]
[Site "Chess.com"]
[Date "2018.04.17"]
[Round "3"]
[White "DrRiebert"]
[Black "ChainsOfFantasia"]
[Result "1-0"]
[WhiteElo "2619"]
[BlackElo "2407"]
[TimeControl "180+2"]
[EndTime "13:32:51 PDT"]
[Termination "DrRiebert won by resignation"]

1. e4 c6 2. d4 d5 3. f3 e6 4. Nc3 Bb4 5. Ne2 Ne7 6. Qd3 O-O 7. a3 Ba5 8. g4 b5 9. Bd2 Ba6 10. b4 Bc7 11. e5 Nd7 12. a4 Nb6 13. axb5 Bxb5 14.
Nxb5 cxb5 15. Qxb5 Nc4 16. c3 f6 17. Nf4 fxe5 18.
Nxe6 Qc8 19. Nxf8 Qxf8 20. Bxc4 Qxf3 21. Rf1 Qe4+ 22. Be2 exd4 23. Qd3 Qe6 24. cxd4 Nc6 25. b5 Ne7 26. Bb4 Ng6 27. Qf5 Qe3 28. Qxd5+ Kh8 29. Qxa8+ 1-0

[Event "*** Biggest EVER Titled Tuesday"]
[Site "Chess.com"]
[Date "2018.04.17"]
[Round "3"]
[White "Zaven_ChessMood"]
[Black "BilodeauA"]
[Result "1-0"]
[WhiteElo "2852"]
[BlackElo "2626"]
[TimeControl "180+2"]
[EndTime "13:32:55 PDT"]
[Termination "Zaven_ChessMood won by resignation"]

1. e4 c5 2. Nf3 Nc6 3. Bb5 g6 4. Bxc6 dxc6 5. d3 Bg7 6. h3 Nh6 7. Nc3 f6 8. Be3 b6 9. a3 O-O 10. O-O e5 11. b4 cxb4 12. axb4 Nf7 13. Ra3 f5 14. b5 Bd7 15. bxc6 Bxc6 16. Qa1 Qd7 17. Qa2 Kh8 18. Ra1 fxe4 19. Nxe4 Nd6 20. Rxa7 Rxa7 21. Qxa7 Qxa7 22. Rxa7 Nxe4 23. dxe4 Bxe4 24.
Ng5 Bxc2 25. Ne6 Rg8 26. Bg5 h6 27. Bh4 g5 28. Bg3 Bf6 29. Rf7 Rg6 30. Rxf6 Rxf6 31. Bxe5 Kg8 32. Bxf6 Kf7 33. Nd4 1-0

[Event "*** Biggest EVER Titled Tuesday"]
[Site "Chess.com"]
[Date "2018.04.17"]
[Round "3"]
[White "DanielNaroditsky"]
[Black "stregachess"]
[Result "1-0"]
[WhiteElo "2827"]
[BlackElo "2078"]
[TimeControl "180+2"]
[EndTime "13:33:03 PDT"]
[Termination "DanielNaroditsky won by resignation"]

1. d4 Nf6 2. c4 e5 3. dxe5 Ne4 4. Nf3 Bb4+ 5. Nbd2 Nc6 6. e3 O-O 7. Bd3 Nxd2 8. Bxd2 Bxd2+ 9. Qxd2 Re8 10. O-O-O Qe7 11. Nd4 Nxe5 12. Bc2 d6 13. Qc3 Nc6 14. Nf3 Bd7 15. Rd5 Rab8 16. Rg5 f6 17. Rh5 g6 18. Rh4 b5 19. cxb5 Rxb5 20. Qc4+ Kg7 21. Qxb5 Ne5 22. Qe2 Rb8 23. Nd4 c5 24. f4 cxd4 25. fxe5 Qxe5 26. Rxd4 Be6 27. Qa6 Qxe3+ 28. Rd2 Rc8 29. Qe2 1-0

[Event "*** Biggest EVER Titled Tuesday"]
[Site "Chess.com"]
[Date "2018.04.17"]
[Round "3"]
[White "shyam"]
[Black "chesssharkattack"]
[Result "1-0"]
[WhiteElo "2568"]
[BlackElo "2386"]
[TimeControl "180+2"]
[EndTime "13:33:03 PDT"]
[Termination "shyam won by resignation"]

1. e4 e5 2. Nf3 Nf6 3. Nc3 Nc6 4. Bb5 Bd6 5. d3 h6 6. a3 a6 7. Bc4 O-O 8. g4 Nxg4 9. Rg1 Nxf2 10. Kxf2 Bc5+ 11. Be3 Bxe3+ 12. Kxe3 Kh8 13. Qe1 d6 14. Qg3 g6 15. Raf1 Qe7 16. Nd5 Qd8 17. Nh4 g5 18. Rf6 Kg7 19. Nf3 Ne7 20. Nxg5 Nxd5+ 21. Bxd5 Kxf6 22. Qh4 Ke7 23. Nxf7+ Kd7 24. Nxd8 Rxd8 1-0

[Event "*** Biggest EVER Titled Tuesday"]
[Site "Chess.com"]
[Date "2018.04.17"]
[Round "3"]
[White "Generalas"]
[Black "SilverCat1992"]
[Result "1-0"]
[WhiteElo "2154"]
[BlackElo "2067"]
[TimeControl "180+2"]
[EndTime "13:33:14 PDT"]
[Termination "Generalas won by resignation"]

1. e4 d5 2. exd5 Nf6 3. d4 Bg4 4. f3 Bf5 5. c4 e6 6. dxe6 Nc6 7. Be3 Bb4+ 8. Kf2 O-O 9. Nc3 Re8 10. exf7+ Kxf7 11. Nge2 Rxe3 12. Kxe3 Qe7+ 13. Kf2 Re8 14. Qd2 h5 15. Re1 h4 16. a3 Bxc3 17. Nxc3 Qd7 18.
Rxe8 Nxe8 19. Qf4 Nxd4 20. Nd5 Nd6 21. Qxd4 1-0

[Event "*** Biggest EVER Titled Tuesday"]
[Site "Chess.com"]
[Date "2018.04.17"]
[Round "3"]
[White "chegueps"]
[Black "DACF2905"]
[Result "1-0"]
[WhiteElo "2265"]
[BlackElo "2029"]
[TimeControl "180+2"]
[EndTime "13:33:15 PDT"]
[Termination "chegueps won by resignation"]

1. e4 c5 2. Nf3 e6 3. b3 Nc6 4. Bb2 d5 5. Bb5 dxe4 6. Ne5 Bd7 7. Bxc6 bxc6 8. Na3 Nf6 9. O-O Be7 10. Nac4 O-O 11.
a4 Qc7 12. a5 Be8 13. Qe2 Bd6 14. Nxd6 Qxd6 15. Nc4 Qd8 16. Ba3 Qe7 17. Qe3 Nd7 18.
Qxe4 f5 19. Qe2 Bf7 20. Ne5 Rac8 21. d4 Nxe5 22. Bxc5 Qg5 23. Bxf8 Ng6 24. Bd6 f4 25. Qe4 Rd8 26. Be5 Rd5 27. c4 Rxe5 28. dxe5 Nxe5 29. f3 Bg6 30. Qd4 h5 31. Rae1 Nd3 32. Rxe6 c5 33.
Qd5 Qxd5 34. cxd5 Bf7 35. Rd1 1-0

[Event "*** Biggest EVER Titled Tuesday"]
[Site "Chess.com"]
[Date "2018.04.17"]
[Round "3"]
[White "r31415"]
[Black "vovachesss"]
[Result "0-1"]
[WhiteElo "2226"]
[BlackElo "2372"]
[TimeControl "180+2"]
[EndTime "13:33:16 PDT"]
[Termination "vovachesss won by checkmate"]

1. e4 e5 2. Nf3 Nf6 3. Nxe5 d6 4. Nf3 Nxe4 5. d4 d5 6. Bd3 Nc6 7. c4 Bb4+ 8. Nbd2 O-O 9. O-O Nxd2 10. Bxd2 Bxd2 11.
Qxd2 Bg4 12. Be2 dxc4 13. d5 Bxf3 14. Bxf3 Ne5 15. Qf4 Qd6 16. Rac1 Rfe8 17. Be4 Re7 18. Rfd1 Rae8 19. Qh4 g6 20. f4 Nd3 21. Bxd3 cxd3 22.
Rxd3 Qb6+ 23. Kh1 Qf6 24. Qf2 Qxb2 25. Qxb2 Re1+ 26. Rxe1 Rxe1# 0-1

[Event "*** Biggest EVER Titled Tuesday"]
[Site "Chess.com"]
[Date "2018.04.17"]
[Round "3"]
[White "Supernotar"]
[Black "Jospem"]
[Result "0-1"]
[WhiteElo "2450"]
[BlackElo "2690"]
[TimeControl "180+2"]
[EndTime "13:33:17 PDT"]
[Termination "Jospem won by checkmate"]

1. d4 Nf6 2. c4 e6 3. Nf3 c5 4. d5 exd5 5. cxd5 d6 6. Nc3 g6 7.
g3 Bg7 8. Nd2 O-O 9. Bg2 a6 10.
a4 Nbd7 11. O-O Re8 12. h3 Rb8 13. a5 b5 14. axb6 Nxb6 15. Nb3 Nc4 16. Ra4 Rb4 17. Rxb4 cxb4 18. Na2 a5 19. Nd4 Qb6 20. b3 Ne5 21. Bb2 Bb7 22. e4 Ned7 23. Nc6 Nc5 24. f3 Bxc6 25. Bxf6 Nxe4+ 26. Kh2 Nxf6 27. dxc6 Qxc6 28.
f4 d5 29. Qd3 Ne4 30. Rc1 Qe6 31. Rc7 h5 32. h4 Nf6 33. Nc1 Ng4+ 34. Kg1 Qe1+ 35. Qf1 Bd4+ 36. Kh1 Qxg3 37. Bxd5 Qh2# 0-1

[Event "*** Biggest EVER Titled Tuesday"]
[Site "Chess.com"]
[Date "2018.04.17"]
[Round "3"]
[White "lukas_111111"]
[Black "IMVoja"]
[Result "0-1"]
[WhiteElo "2502"]
[BlackElo "2319"]
[TimeControl "180+2"]
[EndTime "13:33:20 PDT"]
[Termination "IMVoja won by resignation"]

1. e4 c5 2. Nf3 d6 3. d4 cxd4 4. Nxd4 Nf6 5. Nc3 g6 6. Be3 Bg7 7. f3 a6 8. Qd2 h5 9. a4 Nc6 10. Be2 Bd7 11. O-O Nxd4 12. Bxd4 O-O 13. a5 Bc6 14.
Rfd1 Qc8 15. Kh1 Rd8 16. Bb6 Re8 17. Bd4 Nd7 18. Bxg7 Kxg7 19. f4 Nf6 20. Bf3 Qe6 21.
Re1 Rad8 22. Qd4 Kh7 23. Re3 Ng4 24. Re2 Qf6 25. Rd1 Qxf4 26. Bxg4 Qxg4 27. Rf2 Kg8 28.
Rdf1 Rf8 29. Rf4 e5 0-1

[Event "*** Biggest EVER Titled Tuesday"]
[Site "Chess.com"]
[Date "2018.04.17"]
[Round "3"]
[White "Diwi89"]
[Black "Koksik_13"]
[Result "1-0"]
[WhiteElo "2735"]
[BlackElo "2481"]
[TimeControl "180+2"]
[EndTime "13:33:25 PDT"]
[Termination "Diwi89 won by resignation"]

1. e4 e6 2. d4 d5 3. Nc3 Bb4 4. e5 c5 5. Qg4 Ne7 6. Nf3 Nbc6 7. a3 Qa5 8. Bd2 h5 9. Qxg7 Rg8 10. Qh6 Nxd4 11.
Nxd4 cxd4 12. Nb5 Bxd2+ 13. Qxd2 Qxd2+ 14. Kxd2 Kd7 15. Nxd4 Nc6 16. Bb5 Kc7 17. Bxc6 bxc6 18. g3 Rb8 19. b4 h4 20. Nf3 h3 21. Rhe1 c5 22. bxc5 Rb5 23. Nd4 Rxc5 24. Rab1 Bd7 25. Rb4 Rc8 26. Reb1 Kd8 27. R1b2 a5 28. R4b3 Rc4 29.
Rd3 Ke7 30. Rb7 Ke8 31. g4 Ba4 32. c3 Bd7 33. Rxh3 Ke7 34. f4 Ra4 35. f5 exf5 36.
gxf5 1-0

[Event "*** Biggest EVER Titled Tuesday"]
[Site "Chess.com"]
[Date "2018.04.17"]
[Round "3"]
[White "BjarkeSahl"]
[Black "ToivoK3"]
[Result "0-1"]
[WhiteElo "2202"]
[BlackElo "2244"]
[TimeControl "180+2"]
[EndTime "13:33:30 PDT"]
[Termination "ToivoK3 won by resignation"]

1. d4 d5 2. Bf4 Nf6 3. e3 c5 4. c3 Nc6 5. Nd2 Qb6 6. Qb3 c4 7. Qc2 g6 8. h3 Bf5 9. Qc1 Bg7 10.
Ngf3 O-O 11. Ne5 a5 12. g4 Be6 13. Bg2 a4 14. a3 Rfd8 15. O-O h5 16. f3 Rac8 17. Rf2 Ne8 18. Nxc6 bxc6 19. gxh5 gxh5 20. Bf1 Bf5 21. Kh2 Bg6 22. Rg2 Nd6 23. Bxd6 Rxd6 24. f4 Rb8 25. Nf3 Be4 26. Qd1 Rg6 27. Rxg6 fxg6 28. Nd2 Qxb2 29. Kg3 Qxc3 0-1

[Event "*** Biggest EVER Titled Tuesday"]
[Site "Chess.com"]
[Date "2018.04.17"]
[Round "3"]
[White "MFBerna"]
[Black "Too_Stupid_To_Play"]
[Result "0-1"]
[WhiteElo "2337"]
[BlackElo "2231"]
[TimeControl "180+2"]
[EndTime "13:33:32 PDT"]
[Termination "Too_Stupid_To_Play won by resignation"]

1. d4 Nf6 2. Nf3 e6 3. Bf4 Bd6 4. Bxd6 cxd6 5. e3 O-O 6. Bd3 d5 7. Nbd2 b6 8. c3 Ba6 9. Qe2 Bxd3 10. Qxd3 Nc6 11. O-O Rc8 12. h3 Qc7 13. Rfe1 Na5 14.
e4 dxe4 15. Nxe4 Nxe4 16. Rxe4 d5 17. Rh4 g6 18. Ng5 h5 19. Rxh5 Qc4 20. Qg3 Qe2 21. Nf3 Qxb2 22. Re1 Rxc3 23. Rxe6 Qb1+ 24. Re1 Qxe1+ 25. Nxe1 Rxg3 26. fxg3 gxh5 0-1

[Event "*** Biggest EVER Titled Tuesday"]
[Site "Chess.com"]
[Date "2018.04.17"]
[Round "3"]
[White "Ellaijio_B"]
[Black "AlexZambrano"]
[Result "1-0"]
[WhiteElo "2552"]
[BlackElo "2374"]
[TimeControl "180+2"]
[EndTime "13:33:33 PDT"]
[Termination "Ellaijio_B won by resignation"]

1. e4 e6 2. Qe2 d5 3. exd5 Qxd5 4.
Nc3 Qd8 5. b3 Nf6 6. Bb2 Be7 7.
O-O-O O-O 8. g4 b6 9. Bg2 c6 10. g5 Nd5 11. Ne4 Nf4 12. Qf3 Nxg2 13. Qxg2 Bb7 14.
h4 Nd7 15. h5 Nc5 16. h6 Nxe4 17. hxg7 Nxg5 18. gxf8=Q+ Kxf8 19. f4 Bf6 20. fxg5 Bxb2+ 21. Kxb2 Qd4+ 22. c3 Qd6 23. Rxh7 a5 24. Qh2 Qd3 25. Rh3 Qd5 26. Rh8+ Ke7 27. Qc7+ Qd7 28. Qxd7+ Kxd7 29. Rxa8 Bxa8 30. Nf3 1-0

[Event "*** Biggest EVER Titled Tuesday"]
[Site "Chess.com"]
[Date "2018.04.17"]
[Round "3"]
[White "Marcin"]
[Black "kikoveiga"]
[Result "1-0"]
[WhiteElo "2280"]
[BlackElo "2178"]
[TimeControl "180+2"]
[EndTime "13:33:39 PDT"]
[Termination "Marcin won by resignation"]

1. d4 Nf6 2. c4 c5 3. Nf3 e6 4. Nc3 cxd4 5. Nxd4 Nc6 6. Nc2 Bb4 7. Nxb4 Nxb4 8. g3 d5 9. cxd5 Nbxd5 10. Nxd5 Qxd5 11.
Qxd5 Nxd5 12. Bg2 Bd7 13. O-O O-O 14. Bd2 Bc6 15. e4 Nf6 16. f3 Rfd8 17. Be3 Rd3 18.
Rfe1 a5 19. Bf1 Rd7 20. Red1 Rad8 21. Rxd7 Rxd7 22. Kf2 Ne8 23. Rc1 e5 24. Be2 Nc7 25. Bb6 a4 26. Bxc7 Rxc7 27. Bb5 a3 28. bxa3 Kf8 29. Bxc6 bxc6 30. Rc5 f6 31. a4 Ke7 32. a5 Kd6 33. Rc3 Ra7 34. Ra3 Kc5 35. Ke3 Kb4 36.
Rb3+ Ka4 37. Kd3 Rxa5 38. Rb7 Rb5 39. Rxg7 Rb2 40. Rxh7 Kb5 41. Rb7+ 1-0

[Event "*** Biggest EVER Titled Tuesday"]
[Site "Chess.com"]
[Date "2018.04.17"]
[Round "3"]
[White "platy3"]
[Black "Andreikka"]
[Result "1/2-1/2"]
[WhiteElo "2672"]
[BlackElo "2803"]
[TimeControl "180+2"]
[EndTime "13:33:43 PDT"]
[Termination "Game drawn by agreement"]

1. e4 c6 2. d4 d5 3. Nc3 dxe4 4. Nxe4 Bf5 5. Ng3 Bg6 6. h4 h6 7. Nf3 e6 8. h5 Bh7 9. Bd3 Bxd3 10. Qxd3 Nf6 11.
Ne4 Nxe4 12. Qxe4 Nd7 13. Bd2 Nf6 14. Qe2 Qd5 15. c4 Qe4 16. Qxe4 Nxe4 17. Be3 Bd6 18. Ke2 f5 19. Ne5 O-O 20. Rad1 Rad8 21. Bf4 Rfe8 22.
f3 Nf6 23. Ng6 Bxf4 24. Nxf4 Kf7 25. Nd3 Nd7 26. g4 e5 27. dxe5 Nxe5 28. Nxe5+ Rxe5+ 29. Kf2 Rxd1 30. Rxd1 Re7 31. Rd6 1/2-1/2

[Event "*** Biggest EVER Titled Tuesday"]
[Site "Chess.com"]
[Date "2018.04.17"]
[Round "3"]
[White "goldenspine"]
[Black "calemcc"]
[Result "0-1"]
[WhiteElo "2275"]
[BlackElo "2251"]
[TimeControl "180+2"]
[EndTime "13:33:43 PDT"]
[Termination "calemcc won by resignation"]

1. d4 d5 2. Nf3 Bf5 3. c4 dxc4 4.
Nc3 Nf6 5. Bf4 c6 6. a4 e6 7. e3 Bd6 8. Bxd6 Qxd6 9. Bxc4 Nbd7 10. O-O O-O 11. Re1 Ne4 12. Bd3 Ndf6 13. Ne5 Rfd8 14. Qc2 Nxc3 15. Bxf5 Ncd5 16. Bh3 Rac8 17. Qc5 Qxc5 18.
dxc5 Nb4 19. Red1 Rd5 20. Rxd5 cxd5 21. Rc1 Ne4 22. c6 Nxc6 23. f3 Nd6 24. Nd3 Nc4 25.
Kf2 Ne7 26. Nf4 Rc6 27. b3 Na5 28. Rb1 Rc2+ 29. Kg3 Rc3 30. Ne2 Rxe3 31. Rc1 Rxe2 0-1

[Event "*** Biggest EVER Titled Tuesday"]
[Site "Chess.com"]
[Date "2018.04.17"]
[Round "3"]
[White "pedromartinez91"]
[Black "Fighterman91"]
[Result "1-0"]
[WhiteElo "2423"]
[BlackElo "2587"]
[TimeControl "180+2"]
[EndTime "13:33:44 PDT"]
[Termination "pedromartinez91 won by resignation"]

1. e4 c5 2. Nf3 d6 3. Bb5+ Nd7 4. d4 cxd4 5. Qxd4 a6 6. Bxd7+ Bxd7 7. c4 Nf6 8. O-O g6 9. Nc3 Bg7 10. Qd3 O-O 11.
h3 Bc6 12. Bg5 Nd7 13. Rac1 Nc5 14. Qe2 Bxc3 15. bxc3 Nxe4 16. Bh6 Re8 17. Nd4 Qd7 18. Rfd1 Nc5 19. Nb3 Qf5 20. Rd4 Qe5 21. Qd2 Ne4 22. Qe3 Nf6 23. Qd2 Rac8 24. Re1 Qf5 25. f3 Qh5 26. Bg5 Kg7 27. Rh4 Qxh4 28. Bxh4 Nd7 29.
Rxe7 Rxe7 30. Bxe7 Re8 31. Qxd6 Nf8 32. Qf6+ Kg8 33.
Bxf8 Rxf8 34. Nd4 Bd7 35. c5 Re8 36. h4 1-0

[Event "*** Biggest EVER Titled Tuesday"]
[Site "Chess.com"]
[Date "2018.04.17"]
[Round "3"]
[White "AkshatChandra"]
[Black "hilary444"]
[Result "1-0"]
[WhiteElo "2791"]
[BlackElo "2527"]
[TimeControl "180+2"]
[EndTime "13:33:52 PDT"]
[Termination "AkshatChandra won by checkmate"]

1. e4 e5 2. Nf3 Nc6 3. Bb5 a6 4. Ba4 Nf6 5. O-O Nxe4 6. d4 b5 7. Bb3 d5 8. dxe5 Be6 9. Qe2 Be7 10.
Rd1 O-O 11. c4 bxc4 12. Bxc4 Na5 13. Bd3 Nc5 14. Bc2 Qb8 15. Nc3 c6 16. Nd4 Nd7 17. Bf4 c5 18. Nf5 Bd8 19. Nxd5 Qxb2 20. Rdb1 Qa3 21.
Bc1 Qxc1+ 22. Rxc1 Bxd5 23. Qd3 Bc4 24. Ne7+ Bxe7 25. Qxh7# 1-0

[Event "*** Biggest EVER Titled Tuesday"]
[Site "Chess.com"]
[Date "2018.04.17"]
[Round "3"]
[White "SergeiAza"]
[Black "FairChess_on_YouTube"]
[Result "0-1"]
[WhiteElo "2644"]
[BlackElo "2895"]
[TimeControl "180+2"]
[EndTime "13:34:04 PDT"]
[Termination "FairChess_on_YouTube won by resignation"]

1. e4 c5 2. Nf3 e6 3. d4 cxd4 4. Nxd4 Nc6 5. Nc3 a6 6. Be2 d6 7. O-O Nf6 8. Be3 e5 9. Nf5 h6 10. Bc4 g6 11. Ng3 Be7 12. Nd5 Nxd5 13. Bxd5 Bg5 14.
Qe2 h5 15. h3 h4 16. Nh1 Bf4 17. Bxf4 exf4 18. Bxc6+ bxc6 19. Rad1 Qg5 20. Rd3 Be6 21. b3 O-O 22. Rfd1 d5 23. exd5 Bxd5 24. f3 Rae8 25. Qd2 Re3 26. Kh2 Rfe8 27. c4 Re2 0-1

[Event "*** Biggest EVER Titled Tuesday"]
[Site "Chess.com"]
[Date "2018.04.17"]
[Round "3"]
[White "ChessicallyInclined"]
[Black "Karina_Oparina"]
[Result "0-1"]
[WhiteElo "2149"]
[BlackElo "2144"]
[TimeControl "180+2"]
[EndTime "13:34:04 PDT"]
[Termination "Karina_Oparina won by resignation"]

1. d4 Nf6 2. c4 e6 3. Nc3 Bb4 4. e3 c5 5. Ne2 cxd4 6. exd4 d5 7. a3 Bxc3+ 8. Nxc3 O-O 9. Be3 Nc6 10. Be2 b6 11. O-O Bb7 12. Rc1 dxc4 13. Bxc4 Ne7 14. Bg5 Ned5 15. Bd3 h6 16. Bh4 Nf4 17. Ne4 g5 18.
Nxg5 hxg5 19. Bxg5 Qd5 20. Qf3 Qxf3 21. gxf3 Nh3+ 22.
Kg2 Nxg5 0-1

[Event "*** Biggest EVER Titled Tuesday"]
[Site "Chess.com"]
[Date "2018.04.17"]
[Round "3"]
[White "Daniela_Movileanu"]
[Black "saraswathii"]
[Result "1-0"]
[WhiteElo "2398"]
[BlackElo "2268"]
[TimeControl "180+2"]
[EndTime "13:34:05 PDT"]
[Termination "Daniela_Movileanu won by resignation"]

1. e4 c5 2. Nf3 e6 3. d4 cxd4 4. Nxd4 Nf6 5. Bd3 Nc6 6. Nxc6 bxc6 7. O-O d5 8. e5 Nd7 9. Bf4 g6 10. Nc3 Bg7 11. Qe2 O-O 12. Na4 a5 13. c4 Ba6 14. Rac1 Rb8 15. b3 Qe7 16. Rfe1 Rfc8 17. Qd2 Qb4 18. Qc2 Qb7 19. h4 h5 20. Re2 Re8 21. Rce1 Qc7 22. Qc3 Qd8 23. Bg5 Qc7 24.
Bd2 c5 25. cxd5 exd5 26. Bxa6 Bxe5 27. Qc2 Re6 28. Bd3 Rbe8 29. Be3 d4 30. Bg5 Bh2+ 31. Kh1 Ne5 32. Bc4 Nxc4 33. Qxc4 1-0

[Event "*** Biggest EVER Titled Tuesday"]
[Site "Chess.com"]
[Date "2018.04.17"]
[Round "3"]
[White "Alopekos"]
[Black "walkingcreep"]
[Result "1-0"]
[WhiteElo "2299"]
[BlackElo "2423"]
[TimeControl "180+2"]
[EndTime "13:34:07 PDT"]
[Termination "Alopekos won by checkmate"]

1. e4 c5 2. Nf3 e6 3. d4 cxd4 4. Nxd4 Nf6 5. Nc3 d6 6. Be3 a6 7. a4 Be7 8. Be2 O-O 9. O-O Nc6 10. f4 Bd7 11. Kh1 Rc8 12. Qe1 Qc7 13. Qg3 Kh8 14. Bd3 Nxd4 15. Bxd4 Bc6 16. e5 dxe5 17. Bxe5 Qb6 18.
f5 exf5 19. Bxf5 Rcd8 20. Bc7 Qxb2 21. Rfb1 Nh5 22. Qh3 Bxg2+ 23. Kxg2 Nf4+ 24. Bxf4 Rd2+ 25. Bxd2 Qxc2 26. Qxh7# 1-0

[Event "*** Biggest EVER Titled Tuesday"]
[Site "Chess.com"]
[Date "2018.04.17"]
[Round "3"]
[White "ChessMavenYeti"]
[Black "Pudor"]
[Result "0-1"]
[WhiteElo "2094"]
[BlackElo "2205"]
[TimeControl "180+2"]
[EndTime "13:34:08 PDT"]
[Termination "Pudor won by checkmate"]

1. d4 Nf6 2. c4 d6 3. Nc3 e5 4.
Nf3 exd4 5. Nxd4 g6 6. g3 Bg7 7. Bg2 O-O 8. O-O a5 9. Bg5 h6 10.
Bf4 Re8 11. Rc1 Nbd7 12. Qd2 g5 13. Be3 Ng4 14. Nf5 Nxe3 15. Nxe3 Ne5 16. b3 Bd7 17.
Bxb7 Ra7 18. Bd5 Qf6 19. Ne4 Qg6 20. Nc3 c6 21. Bg2 f5 22. Rfd1 Bf8 23. Qd4 c5 24.
Bd5+ Kh8 25. Qd2 f4 26. Ng2 Qh5 27. Ne1 Bg4 28. f3 fxg3 29. fxg4 Qxh2+ 30. Kf1 Qf2# 0-1

[Event "*** Biggest EVER Titled Tuesday"]
[Site "Chess.com"]
[Date "2018.04.17"]
[Round "3"]
[White "FancyPlaySyndrome"]
[Black "GMBenjaminBok"]
[Result "0-1"]
[WhiteElo "2403"]
[BlackElo "2591"]
[TimeControl "180+2"]
[EndTime "13:34:09 PDT"]
[Termination "GMBenjaminBok won by resignation"]

1. e4 c5 2. Nf3 d6 3. d4 cxd4 4. Nxd4 Nf6 5. Nc3 a6 6. Be3 e5 7. Nb3 Be6 8. f3 Be7 9. Qd2 O-O 10. O-O-O Nbd7 11. g4 b5 12. Kb1 Nb6 13. g5 Nh5 14.
Rg1 Rc8 15. Nd5 Bxd5 16. exd5 Nc4 17. Bxc4 bxc4 18. Nc1 c3 19. bxc3 Qc7 20. Nb3 Qxc3 21. Qxc3 Rxc3 22. Rge1 Rfc8 23. Re2 Bd8 24. Rd3 g6 25.
Kb2 R3c4 26. c3 Nf4 27. Bxf4 Rxf4 28. Rg2 Rf5 29. h4 Rc4 30. Rg4 Rff4 31. Nd2 Rxg4 32. fxg4 Rxg4 33. Rh3 h6 34. gxh6 Rxh4 35. Rg3 Rh2 36.
Kc1 Kh7 37. Nc4 Be7 0-1

[Event "*** Biggest EVER Titled Tuesday"]
[Site "Chess.com"]
[Date "2018.04.17"]
[Round "3"]
[White "HarutyunianTigranK"]
[Black "Kangoroo3000"]
[Result "1-0"]
[WhiteElo "2694"]
[BlackElo "2432"]
[TimeControl "180+2"]
[EndTime "13:34:10 PDT"]
[Termination "HarutyunianTigranK won by resignation"]

1. c4 e5 2. Nc3 d6 3. Nf3 f5 4. g3 Nf6 5. d4 e4 6. Nh4 Be7 7. Bg5 O-O 8. e3 c6 9. Ng2 h6 10. Bxf6 Bxf6 11. h4 Be6 12. Nf4 Bf7 13. Bh3 g6 14. h5 g5 15. Ng6 Bxc4 16. Nxf8 Qxf8 17. Bxf5 d5 18. Qg4 Na6 19. a3 b5 20. Bd7 b4 21. Qe6+ Kg7 22. Nxe4 bxa3 23. bxa3 dxe4 24. Qxc4 Nc7 25. Qxc6 Qd8 26. Qxe4 Rb8 27. O-O Qxd7 28. Qg6+ Kh8 29. Qxf6+ Qg7 1-0